 Dungeon Crawl Stone Soup version 0.17.0-26-gececa24 (webtiles) character file.

115872 youngkai the Severer (level 16, -4/159 HPs)
             Began as a Minotaur Berserker on Nov 16, 2015.
             Was the Champion of Trog.
             Slain by an ice devil (22 damage)
             ... in an ice cave on Nov 20, 2015.
             The game lasted 01:44:36 (26036 turns).

youngkai the Severer (Minotaur Berserker)          Turns: 26036, Time: 01:44:36

Health: -4/159     AC: 37    Str: 31    XL:     16   Next: 19%
Magic:  5/5        EV: 10    Int:  5    God:    Trog [******]
Gold:   2242       SH:  0    Dex: 11    Spells: 0 memorised, 15 levels left

rFire  + + .     SeeInvis +     g - +6 executioner's axe (antimagic)
rCold  . . .     Clarity  .     b - +2 plate armour {rF+}
rNeg   . . .     SustAt   .     (shield currently unavailable)
rPois  +         Gourm    +     s - +2 hat
rElec  .         Spirit   .     U - +0 cloak {rF+}
rCorr  .         Warding  .     O - +2 pair of gloves
rMut   .         Stasis   .     x - +2 pair of boots
MR     +....                    C - amulet of the gourmand
Stlth  ..........               z - ring of poison resistance
                                v - ring of Daxon {AC+5 Str+4 Slay+6 SInv}

@: exhausted, marked, slowed, very slow, somewhat resistant to hostile
enchantments, extremely unstealthy
A: retaliatory headbutt, horns 2
a: Berserk, Trog's Hand, Brothers in Arms, Burn Spellbooks, Renounce Religion


You were in an ice cave.
You worshipped Trog.
Trog was exalted by your worship.
You were full.

You visited 4 branches of the dungeon, and saw 28 of its levels.
You also visited: Labyrinth, Trove, Ice Cave and Volcano.

You collected 3198 gold pieces.
You spent 956 gold pieces at shops.

Inventory:

Hand Weapons
 a - a +8 battleaxe of flaming
 g - a +6 antimagic executioner's axe (weapon)
Missiles
 I - 7 throwing nets (quivered)
Armour
 b - a +2 plate armour of fire resistance (worn)
 s - a +2 hat (worn)
 x - a +2 pair of boots (worn)
 O - a +2 pair of gloves (worn)
 U - a +0 cloak of fire resistance (worn)
Jewellery
 e - a +5 ring of slaying
 h - the ring of Guipp {AC+1 Str+5 Dex+3}
   (You found it in a treasure trove)

   [ring of protection]

   It affects your AC (+1).
   It affects your strength (+5).
   It affects your dexterity (+3).
 i - an uncursed ring of sustain attributes
 v - the ring of Daxon (left hand) {AC+5 Str+4 Slay+6 SInv}
   (You found it on level 1 of the Lair of Beasts)

   [ring of protection]

   It affects your AC (+5).
   It affects your strength (+4).
   It affects your accuracy and damage with ranged weapons and melee attacks
   (+6).
   It lets you see invisible.
 z - a ring of poison resistance (right hand)
 B - an uncursed amulet of resist corrosion
 C - an amulet of the gourmand (around neck)
 S - an uncursed amulet of resist mutation
Wands
 A - a wand of digging (2)
 L - a wand of cold (13)
 P - a wand of lightning (0)
 Q - a wand of draining (0)
Scrolls
 d - 8 scrolls of remove curse
 q - 10 scrolls of teleportation
 w - 4 scrolls of blinking
 K - 2 scrolls of identify
 N - a scroll of fear
 V - 2 scrolls of magic mapping
Potions
 f - 2 potions of resistance
 j - 4 potions of curing
 k - a potion of magic
 l - a potion of cancellation
 m - 8 potions of flight
 n - 8 potions of might
 t - a potion of brilliance
 E - 2 potions of agility
 H - 3 potions of invisibility
 R - a potion of berserk rage
 T - 2 potions of haste
Books
 p - a book of Enchantments

   Spells                             Type                      Level
   a - Cause Fear                     Hexes                        4
   b - Silence                        Hexes/Air                    5
   c - Deflect Missiles               Charms/Air                   6
   d - Haste                          Charms                       6
   e - Discord                        Hexes                        8
   Trog disapproves of the use of such an item.
Miscellaneous
 F - a phial of floods
 J - a lamp of fire
 M - a fan of gales
Comestibles
 c - 15 bread rations
 o - 22 fruits
 r - 2 beef jerkies
 u - 2 slices of pizza
 G - 12 meat rations


   Skills:
 + Level 18.9 Fighting
 * Level 19.3 Axes
 + Level 18.9 Armour
 + Level 3.8 Dodging


You had 15 spell levels left.
You didn't know any spells.

Dungeon Overview and Level Annotations

Branches:
Dungeon (15/15)            Temple (0/1) D:4            Lair (8/8) D:9
 Shoals (0/4) Lair:5       Spider (1/4) Lair:4        Slime (0/6) Lair:7
    Orc (4/4) D:9             Elf (0/3) Orc:4        Vaults (0/5) D:14
 Depths (0/5) D:15

Altars:
Cheibriados
Dithmenos
Elyvilon
Gozag
Kikubaaqudgha
Vehumet
Xom
Beogh
Jiyva

Shops:
D:6 !   D:10 !   Orc:4 [((

Annotations:
IceCv exclusion: ice statue


Innate Abilities, Weirdness & Mutations

You reflexively headbutt those who attack you in melee.
You have a pair of horns on your head.


Message History

* * * LOW HITPOINT WARNING * * *
The ice devil hits you.
* * * LOW HITPOINT WARNING * * *
The ice devil freezes you!!
* * * LOW HITPOINT WARNING * * *
The ice devil hits you but does no damage.
The ice devil closely misses you. You furiously retaliate!
You headbutt the ice devil, but do no damage.
Evoke which item? (* to show all) (? for menu, Esc to quit)
Okay, then.
Drink which item? (? for menu, Esc to quit)
You feel much better.
The blue devil hits you but does no damage.
The blue devil barely misses you.
The ice devil hits you but does no damage.
The ice devil completely misses you. You furiously retaliate!
You headbutt the ice devil. The ice devil hits you!
* * * LOW HITPOINT WARNING * * *
The ice devil freezes you!!
You die...

#### #.' #.#########
##.#.#.#.#.# #
######..#'#'#'#'### #
#.......#.......'.# +
#.#####.#.8.8.8.#####
##.#434#.#§...........
#.^'3@.#.'§§..........
##.#3![#.#............
#.#####.#.8.8.8.#####
#.. ..#.......'.# ###
#8.#'#'#'#'###
##.#.#.#.#.# #
#.######### #.+


You could see 3 ice devils and 2 blue devils.

Vanquished Creatures
  Rupert (Lair:6)
  An Ice Fiend (IceCv)
  Kirke (D:12)
  2 azure jellies (Lair:7)
  Maud (Lair:8)
  An orc warlord (Orc:4)
  The ghost of asdu the Phalangite, a journeyman MfBe of Trog (Lair:5)
  A stone giant (Orc:4)
  Nessos (D:15)
  Snorg (D:11)
  A minotaur (Lab)
  Josephine (Lair:6)
  Harold (Orc:3)
  5 hydras
  An anaconda (shapeshifter) (D:14)
  2 catoblepae
  A deep troll shaman (Lair:8)
  A tengu warrior (D:15)
  The ghost of confidenceinterval the Nimble, a novice MfGl of Ashenzari (D:9)
  A merfolk aquamancer (Lair:5)
  2 orc high priests (Orc:4)
  4 death yaks (Lair:8)
  Urug (Orc:3)
  Nergalle (D:11)
  9 skeletal warriors
  A lindwurm (Lair:8)
  2 unseen horrors
  5 ice devils (IceCv)
  A phantasmal warrior (D:15)
  An orb spider (Lair:4)
  Pikel (D:6)
  A necromancer (D:15)
  3 cyclopes
  2 orc knights
  5 hill giants
  An orb spider (shapeshifter) (D:14)
  A wolf spider (Spider:1)
  3 griffons
  An orc sorcerer (Orc:4)
  9 ugly things
  2 manticores
  15 elephants
  A centaur zombie (D:15)
  4 ice statues (IceCv)
  7 black mambas
  Psyche (D:11)
  A yaktaur (shapeshifter) (D:15)
  15 spiny frogs
  3 fire drakes
  8 komodo dragons
  4 kobold demonologists
  4 anaconda simulacra (IceCv)
  A freezing wraith (D:14)
  3 trolls
  A polar bear (Lair:8)
  A blink frog (shapeshifter) (D:14)
  A blue devil (IceCv)
  A boulder beetle (Lair:6)
  An ice dragon zombie (D:15)
  A fire dragon zombie (D:15)
  A trapdoor spider zombie (D:14)
  4 two-headed ogres
  22 blink frogs
  2 trapdoor spiders
  A spriggan zombie (D:15)
  6 slime creatures (D:15)
  A spriggan skeleton (D:15)
  A fire bat (Volcano)
  42 yaks
  2 dire elephant simulacra (IceCv)
  A deep elf mage (D:9)
  6 wraiths
  A spriggan (D:10)
  A shadow (D:12)
  12 hippogriffs
  Eustachio (D:6)
  5 basilisks
  A steam dragon (Lair:5)
  29 wolves
  A wyvern (D:14)
  2 hungry ghosts
  A deep elf fighter (Volcano)
  2 hogs
  3 mottled dragons
  2 vampire mosquitoes (D:15)
  Edmund (D:5)
  13 water moccasins
  A warg (Orc:4)
  2 iron troll simulacra (IceCv)
  15 porcupines
  A harpy simulacrum (IceCv)
  3 sky beasts
  A hydra simulacrum (IceCv)
  25 orc warriors
  5 ice beasts
  A slave (D:6)
  13 ogres
  A wasp (D:11)
  5 black bears
  An eye of draining (shapeshifter) (D:14)
  11 centaurs
  2 phantoms
  23 crocodiles
  An eye of draining (D:11)
  A brain worm (D:11)
  5 big kobolds
  Blork the orc (D:6)
  15 giant frogs
  A wyvern zombie (D:15)
  A wyvern skeleton (D:9)
  A water moccasin skeleton (D:6)
  25 killer bees
  A scorpion (D:10)
  23 wights
  An electric eel (Lair:6)
  A giant frog zombie (D:7)
  11 crimson imps
  2 quasits
  Crazy Yiuf (D:3)
  A giant frog skeleton (D:7)
  26 orc priests
  Ijyb (D:3)
  7 centaur skeletons
  2 jellies
  A gnoll shaman (D:5)
  17 worker ants
  7 hounds
  12 iguanas
  29 orc wizards
  25 sheep
  A hound zombie (D:10)
  A hound skeleton (D:5)
  2 worker ant zombies
  9 gnolls
  42 river rats
  11 adders
  3 shadow imps
  4 oozes
  2 adder zombies
  2 worms
  2 adder skeletons
  7 giant geckos
  184 orcs
  A ball python (D:1)
  10 bats
  4 giant cockroaches
  3 hobgoblins
  16 jackals
  5 quokkas
  5 giant newts
  8 goblins
  A jackal skeleton (D:5)
  26 kobolds
  8 rats
  4 fungi
  5 plants
1014 creatures vanquished.

Vanquished Creatures (collateral kills)
  4 hydras
  A torpor snail (Lair:3)
  A fire drake (Lair:6)
  A water moccasin (Lair:6)
7 creatures vanquished.

Vanquished Creatures (others)
  A kobold demonologist (D:11)
  A two-headed ogre (D:11)
  2 worker ants (D:11)
  A shadow imp (D:11)
  A kobold (D:9)
  11 fungi
  11 plants
28 creatures vanquished.

Grand Total: 1049 creatures vanquished

Notes
Turn   | Place    | Note
--------------------------------------------------------------
     0 | D:1      | youngkai the Minotaur Berserker began the quest for the Orb.
     0 | D:1      | Reached XP level 1. HP: 19/19 MP: 0/0
   125 | D:1      | Reached XP level 2. HP: 10/27 MP: 1/1
   209 | D:1      | Reached skill level 4 in Axes
   261 | D:1      | HP: 1/27 [giant gecko (4)]
   877 | D:2      | Reached ** piety under Trog
   993 | D:2      | Reached XP level 3. HP: 33/33 MP: 2/2
  1216 | D:2      | Reached XP level 4. HP: 41/41 MP: 3/3
  1751 | D:3      | Noticed Ijyb
  1769 | D:3      | Killed Ijyb
  1769 | D:3      | Reached skill level 5 in Axes
  1865 | D:3      | Reached XP level 5. HP: 40/47 MP: 4/4
  2048 | D:3      | Noticed Crazy Yiuf
  2055 | D:3      | Killed Crazy Yiuf
  2055 | D:3      | Reached skill level 5 in Fighting
  2135 | D:4      | Noticed an ogre
  2147 | D:4      | Killed an ogre
  2197 | D:4      | Noticed a phantom
  2272 | D:4      | Killed a phantom
  2272 | D:4      | Reached skill level 5 in Armour
  2272 | D:4      | Reached XP level 6. HP: 24/56 MP: 5/5
  2278 | D:4      | Reached *** piety under Trog
  2368 | D:4      | Reached skill level 6 in Axes
  2556 | D:4      | Found a staircase to the Ecumenical Temple.
  2836 | D:4      | Reached XP level 7. HP: 59/63 MP: 6/6
  2909 | D:5      | Entered Level 5 of the Dungeon
  3162 | D:5      | Reached skill level 7 in Axes
  3375 | D:5      | Noticed Edmund
  3382 | D:5      | Killed Edmund
  3398 | D:5      | Reached XP level 8. HP: 65/73 MP: 7/7
  3404 | D:5      | Reached **** piety under Trog
  3511 | D:6      | Noticed Blork the orc
  3523 | D:6      | Killed Blork the orc
  3698 | D:6      | Reached skill level 8 in Fighting
  3755 | D:6      | Noticed Eustachio
  3760 | D:6      | Killed Eustachio
  3838 | D:6      | Noticed Pikel
  3855 | D:6      | Killed Pikel
  3855 | D:6      | Reached skill level 9 in Fighting
  3855 | D:6      | Reached XP level 9. HP: 72/83 MP: 8/8
  3904 | D:6      | Found Vaf Taonu's Distillery.
  4088 | D:6      | Bought a potion of mutation for 35 gold pieces
  4088 | D:6      | Bought a potion of heal wounds for 70 gold pieces
  4091 | D:6      | Bought a potion of resistance for 140 gold pieces
  4623 | D:7      | Found a radiant altar of Vehumet.
  4685 | D:7      | Reached ***** piety under Trog
  4685 | D:7      | Reached skill level 10 in Fighting
  4687 | D:7      | Reached skill level 10 in Axes
  4816 | D:8      | Reached skill level 10 in Armour
  5088 | D:8      | Reached XP level 10. HP: 94/94 MP: 9/9
  5149 | D:8      | Received a gift from Trog
  5632 | D:9      | Found a roughly hewn altar of Beogh.
  5632 | D:9      | Found a staircase to the Orcish Mines.
  5645 | D:9      | Reached skill level 11 in Axes
  6149 | D:9      | Noticed confidenceinterval's ghost (novice MfGl)
  6175 | D:9      | Killed confidenceinterval's ghost
  6641 | D:9      | HP: 4/97 [kobold/short sword (3)]
  6693 | D:9      | Reached skill level 12 in Axes
  7115 | D:9      | Reached XP level 11. HP: 62/104 MP: 3/10
  7510 | D:9      | Found a staircase to the Lair.
  7663 | D:9      | Found a shadowy altar of Dithmenos.
  7731 | D:9      | Found an ancient bone altar of Kikubaaqudgha.
  7734 | D:9      | Found a white marble altar of Elyvilon.
  7737 | D:9      | Found an opulent altar of Gozag.
  7966 | D:10     | Entered Level 10 of the Dungeon
  8105 | D:10     | Found Reoliazu's Distillery.
  8129 | D:10     | Bought a potion of might for 44 gold pieces
  8202 | D:10     | Noticed a hill giant
  8207 | D:10     | Killed a hill giant
  8683 | D:11     | Noticed Snorg
  8683 | D:11     | Noticed a skeletal warrior
  8683 | D:11     | Noticed a skeletal warrior
  8685 | D:11     | Noticed a skeletal warrior
  8816 | Lair:1   | Entered Level 1 of the Lair of Beasts
  8897 | Lair:1   | Found a labyrinth entrance.
  8914 | Lab      | Entered a labyrinth
  9058 | Lab      | Noticed a minotaur
  9066 | Lab      | Killed a minotaur
  9066 | Lab      | Reached skill level 13 in Fighting
  9591 | Lair:1   | Got a wavering pewter ring
  9593 | Lair:1   | Identified the ring of Daxon {AC+5 Str+4 Slay+6 SInv} (You found it on level 1 of the Lair of Beasts)
  9638 | Lair:1   | Received a gift from Trog
  9756 | Lair:1   | Upgraded the game from 0.17.0-24-gcfadda4 to 0.17.0-26-gececa24
  9825 | Lair:2   | Reached ****** piety under Trog
 10075 | Lair:2   | Reached XP level 12. HP: 80/115 MP: 2/11
 10832 | Lair:3   | Found a runed door.
 11283 | Lair:3   | Noticed a five-headed hydra
 11288 | Lair:3   | Killed a five-headed hydra
 11291 | Lair:3   | Reached skill level 14 in Axes
 12002 | Lair:4   | Received a gift from Trog
 12038 | Lair:4   | Found a hole to the Spider Nest.
 12335 | Lair:5   | Noticed asdu's ghost (journeyman MfBe)
 12350 | Lair:5   | Killed asdu's ghost
 12411 | Lair:5   | Found a staircase to the Shoals.
 12534 | Lair:5   | Found a dark tunnel.
 12619 | Volcano  | Entered a volcano
 12902 | Lair:5   | Reached skill level 15 in Fighting
 12924 | Lair:5   | Noticed an eight-headed hydra
 12928 | Lair:5   | Killed a nine-headed hydra
 12928 | Lair:5   | Reached XP level 13. HP: 119/126 MP: 4/12
 12953 | Lair:5   | Reached skill level 15 in Axes
 13200 | Lair:5   | Received a gift from Trog
 13201 | Lair:5   | Reached skill level 15 in Armour
 13836 | Lair:6   | Noticed Rupert
 13837 | Lair:6   | Paralysed by Rupert for 5 turns
 13857 | Lair:6   | Killed Rupert
 13928 | Lair:6   | Noticed Josephine
 13938 | Lair:6   | Killed Josephine
 14225 | Lair:6   | You fall through a shaft!
 14474 | Lair:7   | Reached skill level 16 in Axes
 14729 | Lair:7   | Found a runed door.
 14730 | Lair:7   | Found a viscous altar of Jiyva.
 14731 | Lair:7   | Noticed an azure jelly
 14731 | Lair:7   | Noticed an azure jelly
 14732 | Lair:7   | Found a staircase to the Slime Pits.
 14752 | Lair:7   | Killed an azure jelly
 14754 | Lair:7   | Killed an azure jelly
 14754 | Lair:7   | Reached XP level 14. HP: 16/138 MP: 4/13
 14754 | Lair:7   | Received a gift from Trog
 15336 | Lair:8   | Entered Level 8 of the Lair of Beasts
 15668 | Lair:6   | You fall through a shaft for 2 floors!
 16056 | Lair:8   | Reached skill level 17 in Axes
 16155 | Lair:8   | Noticed Maud
 16169 | Lair:8   | Killed Maud
 16450 | Lair:8   | Received a gift from Trog
 17584 | Orc:1    | Entered Level 1 of the Orcish Mines
 18273 | Orc:3    | Noticed Harold
 18281 | Orc:3    | Killed Harold
 18399 | Orc:3    | Noticed Urug
 18408 | Orc:3    | Received a gift from Trog
 18409 | Orc:3    | Killed Urug
 18984 | Orc:4    | Entered Level 4 of the Orcish Mines
 19117 | Orc:4    | Found a roughly hewn altar of Beogh.
 19118 | Orc:4    | Found Feethasoi's General Store.
 19239 | Orc:4    | Found a roughly hewn altar of Beogh.
 19279 | Orc:4    | Found a staircase to the Elven Halls.
 19281 | Orc:4    | Received a gift from Trog
 19341 | Orc:4    | Found a roughly hewn altar of Beogh.
 19410 | Orc:4    | Noticed an orc warlord
 19423 | Orc:4    | Killed an orc warlord
 19430 | Orc:4    | Reached XP level 15. HP: 53/148 MP: 4/14
 19450 | Orc:4    | Found Fuvofu's Antique Armour Shop.
 19451 | Orc:4    | Found a roughly hewn altar of Beogh.
 19462 | Orc:4    | Found Hudib's Antique Weapon Boutique.
 19917 | Orc:4    | Found a roughly hewn altar of Beogh.
 19919 | Orc:4    | Found Vaidd's Weapon Boutique.
 19924 | Orc:4    | Received a gift from Trog
 20006 | Orc:4    | Found a roughly hewn altar of Beogh.
 20035 | Orc:4    | Found a roughly hewn altar of Beogh.
 20148 | Orc:4    | Found a roughly hewn altar of Beogh.
 20316 | Orc:4    | Bought a glowing plate armour for 667 gold pieces
 20748 | D:11     | Noticed a skeletal warrior
 20755 | D:11     | Killed Snorg
 20757 | D:11     | Killed a skeletal warrior
 20757 | D:11     | Killed a skeletal warrior
 20765 | D:11     | Killed a skeletal warrior
 20765 | D:11     | Reached skill level 18 in Axes
 20767 | D:11     | Killed a skeletal warrior
 20923 | D:11     | Noticed Nergalle
 20930 | D:11     | Killed Nergalle
 21001 | D:11     | Noticed Psyche
 21003 | D:11     | Killed Psyche
 21022 | D:11     | Found a shimmering altar of Xom.
 21344 | D:12     | Found a portal to a secret trove of treasure.
 21354 | D:12     | You paid a toll of 2 potions of cure mutation to enter a treasure trove
 21355 | Trove    | Entered a treasure trove
 21421 | Trove    | Got a slimy scale mail
 21432 | Trove    | Identified the +6 scale mail of Amelioration {Int+6} (You found it in a treasure trove)
 21476 | Trove    | Got a flickering amber ring
 21482 | Trove    | Identified the ring of Guipp {AC+1 Str+5 Dex+3} (You found it in a treasure trove)
 21551 | D:12     | Received a gift from Trog
 21708 | D:12     | Noticed Kirke
 21716 | D:12     | Killed Kirke
 22107 | D:13     | Found a snail-covered altar of Cheibriados.
 22877 | D:14     | Identified a scroll of acquirement
 23098 | D:14     | Found a gate to the Vaults.
 23357 | D:15     | Entered Level 15 of the Dungeon
 23545 | D:15     | Found a staircase to the Depths.
 23553 | D:15     | Noticed Nessos
 23559 | D:15     | Killed Nessos
 25372 | Spider:1 | Entered Level 1 of the Spider Nest
 25384 | Spider:1 | Reached skill level 19 in Axes
 25396 | Spider:1 | Reached XP level 16. HP: 109/159 MP: 5/15
 25399 | Spider:1 | Found a frozen archway.
 25408 | IceCv    | Entered an ice cave
 25889 | IceCv    | Received a gift from Trog
 26016 | IceCv    | Noticed an Ice Fiend
 26021 | IceCv    | Killed an Ice Fiend
 26035 | IceCv    | HP: 6/159 [ice devil (24)]
 26036 | IceCv    | Slain by an ice devil

Action                   |  1- 3 |  4- 6 |  7- 9 | 10-12 | 13-15 | 16-18 || total
-------------------------+-------+-------+-------+-------+-------+-------++-------
Melee: Hand axe          |    75 |   155 |   242 |    13 |       |       ||   485
       Battleaxe         |       |       |       |   553 |   377 |       ||   930
       Executioner's axe |       |       |       |       |   439 |    64 ||   503
Invok: Berserk           |     1 |     1 |     1 |     6 |     5 |     1 ||    15
       Trog's Hand       |       |     1 |     1 |     1 |     4 |       ||     7
       Burn Spellbooks   |       |       |       |     4 |     2 |       ||     6
       Brothers in Arms  |       |       |       |     2 |     3 |       ||     5
Evoke: Wand              |       |     2 |       |     7 |     8 |       ||    17
  Use: Scroll            |       |       |     3 |    20 |    15 |       ||    38
       Potion            |       |       |       |     2 |     5 |     4 ||    11
  Eat: Chunk             |     1 |     7 |     9 |    43 |    46 |       ||   106
       Pizza             |       |       |       |     1 |       |       ||     1
